 Dungeon Crawl Stone Soup version 0.22.1-1-ga44c0e5 (webtiles) character file.

22617 geeseburger the Spry (level 13, -5/63 HPs)
             Began as a Tengu Berserker on Oct 10, 2018.
             Was an Elder of Trog.
             Slain by a sixfirhy (9 damage)
             ... on level 4 of the Abyss.
             The game lasted 01:18:16 (13665 turns).

geeseburger the Spry (Tengu Berserker)             Turns: 13665, Time: 01:18:17

Health: -5/63      AC: 14    Str: 27 (30) XL:     13   Next: 1%
Magic:  19/19      EV: 25    Int: -3 (-2) God:    Trog [****..]
Gold:   997        SH:  0    Dex: 20 (21) Spells: 12/12 levels left

rFire    . . .     SeeInvis +   K - +5 trident of Immuorhi {pierce, Dex+3 SInv}
rCold    + . .     Gourm    +   (no shield)
rNeg     . . .     Faith    .   D - +5 ring mail of Enaapsyn {rC+ Regen+ Str+5 Slay+2}
rPois    .         Spirit   .   C - +2 hat
rElec    +         Reflect  .   E - +1 cloak
rCorr    .         Harm     .   b - +1 pair of gloves
MR       .....     Clarity  +   (boots unavailable) Stlth ++........Rnd*Tele +
                                S - amulet "Avvoov" {Gourm rElec MP+9 Str+9 Int-5}
HPRegen  0.00/turn              p - +3 ring of dexterity
MPRegen  0.16/turn              T - +1 ring of evasion

@: non-regenerating, diseased, slowed, lost intelligence, very slow
A: beak, talons 3, thin skeletal structure 1, [berserk 3], [blurry vision 3],
clarity, [clumsy 2], [deformed body], [deterioration 2], [dopey 2], [frail 3],
[low mp 3], [screaming 3], teleportitis 1[+2], [weak 2], [no potion heal 3],
[subdued magic 3], able to fly 1
a: Fly, Berserk, Trog's Hand, Brothers in Arms, Renounce Religion


You were on level 4 of the Abyss.
You worshipped Trog.
Trog was greatly pleased with you.
You were not hungry.

You visited 1 branch of the dungeon, and saw 14 of its levels.
You visited the Abyss 1 time.
You also visited: Ossuary.

You collected 997 gold pieces.

Inventory:

Hand Weapons
 h - a +0 whip of electrocution
 q - a +1 short sword of freezing
 G - the +1 spear of Reinforcement {pierce, *Noise rF- rC+++ Str+9}
   (You found it on level 9 of the Dungeon)

   It inflicts extra damage upon your enemies.
   It affects your strength (+9).
   It makes you vulnerable to fire.
   It renders you almost immune to cold.
   It may make noises in combat.
 K - the +5 trident of Immuorhi (weapon) {pierce, Dex+3 SInv}
   (You found it on level 9 of the Dungeon)

   It inflicts extra damage upon your enemies.
   It affects your dexterity (+3).
   It lets you see invisible.
 P - a +1 scimitar of flaming
 R - a +4 great sword of protection
Armour
 b - a +1 pair of gloves (worn)
 C - a +2 hat (worn)
 D - the +5 ring mail of Enaapsyn (worn) {rC+ Regen+ Str+5 Slay+2}
   (You found it on level 8 of the Dungeon)

   It affects your strength (+5).
   It affects your accuracy and damage with ranged weapons and melee attacks
   (+2).
   It protects you from cold.
   It increases your rate of regeneration.
 E - a +1 cloak (worn)
 U - a +0 troll leather armour
Jewellery
 f - an uncursed amulet of guardian spirit
 o - a +2 ring of strength
 p - a +3 ring of dexterity (left hand)
 A - an uncursed amulet of faith
 N - an uncursed ring of protection from fire
 S - the amulet "Avvoov" (around neck) {Gourm rElec MP+9 Str+9 Int-5}
   (You acquired it on level 11 of the Dungeon)

   [amulet of the gourmand]

   It allows you to eat raw meat even when not hungry.
   It affects your strength (+9).
   It affects your intelligence (-5).
   It insulates you from electricity.
   It affects your magic capacity (+9).
 T - a +1 ring of evasion (right hand)
 V - an uncursed amulet of harm {unknown}
Wands
 a - a wand of digging (6)
 s - a wand of iceblast (14)
 v - a wand of flame (47)
 y - a wand of polymorph (47)
 M - a wand of enslavement (27)
 O - a wand of disintegration (18)
 Q - a wand of acid (9)
 W - a wand of paralysis (12)
Scrolls
 e - 6 scrolls of teleportation
 i - 3 scrolls of immolation
 r - 2 scrolls of fog
 w - 5 scrolls of remove curse
 F - a scroll of blinking
 H - 4 scrolls of magic mapping
 I - a scroll of fear
Potions
 d - 7 potions of haste
 g - 4 potions of mutation
 j - 3 potions of heal wounds
 k - a potion of degeneration {unknown}
 l - 7 potions of curing
 m - 2 potions of invisibility {unknown}
 n - 4 potions of cancellation {unknown}
 t - 4 potions of brilliance {unknown}
 u - 3 potions of resistance
 x - 5 potions of lignification
 z - 3 potions of might {unknown}
 B - a potion of agility {unknown}
 J - 3 potions of berserk rage {unknown}
 L - a potion of flight {unknown}
 X - a potion of ambrosia {unknown}
Comestibles
 c - 13 rations


   Skills:
 * Level 14.8 Fighting
 - Level 3.2 Polearms
 - Level 2.1 Armour
 * Level 15.7 Dodging


You had 12 spell levels left.
You didn't know any spells.
Your spell library was empty.

Dungeon Overview and Level Annotations

Branches:
Dungeon (14/15)            Temple (0/1) D:7            Lair (0/6) D:11
    Orc (0/2) D:9
 Vaults: D:13-14

Altars:
Ashenzari
Cheibriados
Elyvilon
Fedhas
Gozag
Okawaru
Uskayaw
Wu Jian
Yredelemnul
The Shining One

Annotations:
D:14 Louise


Innate Abilities, Weirdness & Mutations

You have a beak for a mouth.
You have claws for feet.
You can fly.
You have a somewhat thin skeletal structure. (Dex +2, Stealth)
You possess an exceptional clarity of mind.
[You have an uncontrollable temper.]
[Scrolls take you much longer to read.]
[You are very clumsy. (Dex -4)]
[Armour fits poorly on your strangely shaped body.]
[Your body often deteriorates upon taking damage.]
[You are very dopey. (Int -4)]
[You are extremely frail. (-30% HP)]
[Your magical capacity is extremely low. (-30% MP)]
[You frequently scream uncontrollably at your foes.]
[You are often teleported next to monsters.]
[You are very weak. (Str -4)]
[Potions cannot restore your health.]
[Your spells are much easier to cast, but much less powerful.]


Message History

You feel yourself growing ill in the presence of the ancient zyme.
The ynoxinul gestures.
The ufetubus completely misses you. The ufetubus misses you.
The large abomination completely misses you.
The wretched star pulses with an eldritch light!
You feel even more weirdly uncertain. x2
The sixfirhy barely misses you. The sixfirhy completely misses you.
The sixfirhy misses you. The sixfirhy completely misses you.
The sixfirhy hits you!
* * * LOW HITPOINT WARNING * * *
Your body deteriorates!
You feel weakened. The sixfirhy shocks you. You resist.
* * * LOW HITPOINT WARNING * * *
The ancient zyme barely misses you. The ancient zyme misses you.
The wretched star pulses with an eldritch light!
You feel extremely angry at everything! The sixfirhy closely misses you.
The ancient zyme completely misses you. The ancient zyme misses you.
You feel ill.
You feel ill. The sixfirhy hits you!
You die...

. .# .. .. #. . ..
##. .# .# ...##.. .#
3.# . #....#.##
..###..#.
#.....@###.#..#.. .
#.....#x3#....# ...#
##.....#5.###.#..#..
##.####..*#5.##.5..
# #.....#X.###§5#.
.......3#*.5.#§.#
......#...##.#.#.#
.###..#..#5 #....#
..#.#.##.#.##..#


You could see 2 wretched stars, an ancient zyme, a large abomination, a
sixfirhy, a ynoxinul and 2 ufetubi.

Vanquished Creatures
  A hydra (D:12)
  2 centaur warriors
  Erica (D:10)
  A two-headed ogre (D:13)
  A tengu warrior (D:10)
  Nergalle (D:12)
  A wretched star (Abyss:4)
  2 wizards (D:7)
  An ugly thing (D:11)
  2 orc sorcerers (D:7)
  2 centaur zombies
  Psyche (D:8)
  2 centaur skeletons
  3 trolls (D:13)
  A tengu conjurer (D:10)
  An ancient zyme (Abyss:4)
  Prince Ribbit (D:6)
  A hornet (D:14)
  Grinder (D:5)
  3 raiju (Abyss:4)
  3 slime creatures (D:12)
  3 hippogriffs
  2 flying skulls (Abyss:4)
  2 large abominations
  3 small abominations (Abyss:4)
  Sigmund (D:6)
  An ice dragon skeleton (Abyss:4)
  A human (D:7)
  4 yaks (D:7)
  2 fire bats (Abyss:4)
  2 hungry ghosts
  A neqoxec (Abyss:4)
  An acid dragon (D:14)
  A water moccasin (D:10)
  6 ice beasts
  2 black bears
  An eye of draining (D:12)
  3 sky beasts
  A necrophage (D:5)
  4 phantoms
  9 ogres
  9 centaurs
  10 big kobolds
  7 bullfrogs
  A gnoll sergeant (D:7)
  A wyvern zombie (D:9)
  3 scorpions
  20 killer bees
  5 wights
  4 howler monkeys
  4 crimson imps
  5 hounds
  A quasit (D:11)
  4 jellies
  4 bullfrog skeletons
  An orc priest (D:4)
  Crazy Yiuf (D:6)
  An iron imp (D:6)
  8 orc wizards
  6 iguanas
  5 worker ants
  A killer bee zombie (D:8)
  A hound zombie (D:11)
  13 mummies (Ossuary)
  3 worker ant zombies
  13 gnolls
  14 adders
  3 shadow imps
  A white imp (Abyss:4)
  3 adder skeletons
  A worm (D:4)
  A dart slug (D:3)
  5 leopard geckos
  28 orcs
  A ball python (D:4)
  10 bats
  6 giant cockroaches
  8 goblins
  3 hobgoblins
  6 jackals
  9 quokkas
  4 frilled lizards
  A giant cockroach zombie (D:5)
  3 gnoll skeletons (Ossuary)
  A goblin skeleton (Ossuary)
  A jackal skeleton (D:9)
  A jackal zombie (D:6)
  64 kobolds
  A kobold skeleton (Ossuary)
  3 leopard gecko skeletons
  2 orc skeletons (Ossuary)
  A rat (D:3)
  11 rat skeletons (Ossuary)
  A butterfly (D:7)
406 creatures vanquished.

Vanquished Creatures (collateral kills)
  A wretched star (Abyss:4)
  A raiju (Abyss:4)
  A centaur (D:14)
  A wight (D:14)
  A kobold (D:14)
5 creatures vanquished.

Vanquished Creatures (others)
  An orc (D:4)
  A kobold skeleton (Ossuary)
2 creatures vanquished.

Grand Total: 413 creatures vanquished

Notes
Turn   | Place    | Note
-------+----------+-------------------------------------------
     0 | D:1      | geeseburger the Tengu Berserker began the quest for the
                  | Orb.
     0 | D:1      | Reached XP level 1. HP: 14/14 MP: 2/2
   307 | D:1      | Reached XP level 2. HP: 9/19 MP: 3/3
  1325 | D:2      | Found a basalt altar of Yredelemnul.
  1453 | D:2      | Reached skill level 3 in Dodging
  1453 | D:2      | Reached XP level 3. HP: 13/23 MP: 2/4
  1662 | D:2      | Found an opulent altar of Gozag.
  2293 | D:3      | Reached ** piety under Trog
  2333 | D:3      | Reached XP level 4. HP: 29/29 MP: 5/5
  2941 | D:4      | Reached skill level 4 in Dodging
  2986 | D:4      | Gained mutation: You can fly. [Tengu growth]
  2986 | D:4      | Reached XP level 5. HP: 31/34 MP: 6/6
  3137 | D:4      | Reached skill level 5 in Fighting
  3141 | D:4      | Reached XP level 6. HP: 9/40 MP: 1/7
  3303 | D:4      | Noticed a phantom
  3327 | D:4      | Killed a phantom
  3327 | D:4      | Reached skill level 5 in Dodging
  3462 | D:4      | Found a shattered altar of Ashenzari.
  3500 | D:4      | Found an ornate altar of the Wu Jian Council.
  3730 | D:5      | Entered Level 5 of the Dungeon
  3745 | D:5      | Reached XP level 7. HP: 27/45 MP: 5/8
  3770 | D:5      | Reached *** piety under Trog
  3770 | D:5      | Reached skill level 6 in Dodging
  4426 | D:5      | Reached skill level 7 in Dodging
  4475 | D:5      | Reached XP level 8. HP: 53/53 MP: 9/9
  4681 | D:5      | Reached skill level 8 in Dodging
  4686 | D:5      | Reached **** piety under Trog
  5234 | D:5      | Noticed Grinder
  5238 | D:5      | Paralysed by Grinder for 6 turns
  5247 | D:5      | Paralysed by Grinder for 4 turns
  5252 | D:5      | Killed Grinder
  5330 | D:5      | Found a shattered altar of Ashenzari.
  5330 | D:5      | Found a glowing golden altar of the Shining One.
  5503 | D:6      | Reached XP level 9. HP: 54/60 MP: 8/10
  5603 | D:6      | Reached skill level 9 in Dodging
  5842 | D:6      | Noticed Sigmund
  5849 | D:6      | Noticed Prince Ribbit
  5852 | D:6      | Killed Sigmund
  5880 | D:6      | Killed Prince Ribbit
  6031 | D:6      | Found a snail-covered altar of Cheibriados.
  6263 | D:6      | Found a runed door.
  6268 | D:6      | Noticed Crazy Yiuf
  6272 | D:6      | Killed Crazy Yiuf
  6291 | D:6      | Gained mutation: You have a somewhat thin skeletal
                  | structure. (Dex +2, Stealth) [potion of mutation]
  6291 | D:6      | Gained mutation: You possess an exceptional clarity of
                  | mind. [potion of mutation]
  6473 | D:7      | Noticed an orc sorcerer
  6480 | D:7      | Killed an orc sorcerer
  6480 | D:7      | Reached skill level 10 in Dodging
  6549 | D:7      | Noticed a wizard
  6559 | D:7      | Noticed an orc sorcerer
  6568 | D:7      | Killed a wizard
  6568 | D:7      | Reached skill level 10 in Fighting
  6568 | D:7      | Reached XP level 10. HP: 62/68 MP: 6/11
  6575 | D:7      | Killed an orc sorcerer
  6575 | D:7      | Reached skill level 11 in Dodging
  6734 | D:7      | Noticed a wizard
  6752 | D:7      | Killed a wizard
  7551 | D:7      | Found an iron altar of Okawaru.
  7612 | D:7      | Found a staircase to the Ecumenical Temple.
  7843 | D:8      | Got a dazzling ring mail
  7886 | D:8      | Identified the +5 ring mail of Enaapsyn {rC+ Regen+ Str+5
                  | Slay+2} (You found it on level 8 of the Dungeon)
  7902 | D:8      | Reached skill level 12 in Dodging
  7960 | D:8      | Found a blossoming altar of Fedhas.
  8108 | D:8      | Found a sand-covered staircase.
  8113 | Ossuary  | Entered an ossuary
  8290 | Ossuary  | Reached ***** piety under Trog
  8539 | D:8      | Reached XP level 11. HP: 76/76 MP: 12/12
  8589 | D:8      | Noticed Psyche
  8598 | D:8      | Killed Psyche
  8839 | D:9      | Got a faintly glowing spear
  8840 | D:9      | Identified the +1 spear of Reinforcement {pierce, *Noise
                  | rF- rC+++ Str+9} (You found it on level 9 of the Dungeon)
  9049 | D:9      | Got a jewelled trident
  9053 | D:9      | Identified the +5 trident of Immuorhi {pierce, Dex+3 SInv}
                  | (You found it on level 9 of the Dungeon)
  9099 | D:9      | Reached skill level 13 in Dodging
  9129 | D:9      | Found a hide-covered altar of Uskayaw.
  9377 | D:9      | Found a staircase to the Orcish Mines.
  9384 | D:9      | Found a white marble altar of Elyvilon.
  9664 | D:10     | Entered Level 10 of the Dungeon
  9667 | D:10     | Noticed a tengu warrior
 10033 | D:10     | Killed a tengu warrior
 10389 | D:10     | Noticed Erica
 10401 | D:10     | Killed Erica
 10702 | D:11     | Noticed a cyan ugly thing
 10714 | D:11     | Killed a cyan ugly thing
 10883 | D:11     | Received a gift from Trog
 11023 | D:11     | Found a staircase to the Lair.
 11128 | D:11     | Reached skill level 14 in Dodging
 11426 | D:11     | Identified a scroll of acquirement
 11429 | D:11     | Got a clouded ruby amulet
 11431 | D:11     | Identified the amulet "Avvoov" {Gourm rElec MP+9 Str+9
                  | Int-5} (You acquired it on level 11 of the Dungeon)
 11718 | D:12     | Noticed a seven-headed hydra
 11732 | D:12     | Killed a four-headed hydra
 11732 | D:12     | Reached XP level 12. HP: 57/84 MP: 13/13
 12111 | D:12     | Noticed Nergalle
 12125 | D:12     | Killed Nergalle
 12216 | D:13     | Noticed a two-headed ogre
 12222 | D:13     | Killed a two-headed ogre
 12290 | D:13     | Noticed a centaur warrior
 12311 | D:13     | Killed a centaur warrior
 12421 | D:13     | Reached skill level 15 in Dodging
 12905 | D:14     | Noticed a centaur warrior
 12918 | D:14     | Killed a centaur warrior
 12994 | D:14     | Noticed Louise
 13002 | D:14     | Cast into level 3 of the Abyss (Louise)
 13003 | Abyss:3  | Found a corrupted altar of Lugonu.
 13078 | Abyss:3  | Found a shadowy altar of Dithmenos.
 13184 | Abyss:4  | Noticed a cacodemon
 13192 | Abyss:4  | Noticed a thrashing horror
 13194 | Abyss:4  | Noticed a thrashing horror
 13196 | Abyss:4  | Noticed a thrashing horror
 13205 | Abyss:4  | Noticed a naga warrior
 13220 | Abyss:4  | Noticed a starcursed mass
 13255 | Abyss:4  | Noticed a wretched star
 13263 | Abyss:4  | Noticed a tentacled starspawn
 13293 | Abyss:4  | Noticed a wretched star
 13306 | Abyss:4  | Killed a wretched star
 13312 | Abyss:4  | Noticed a wretched star
 13321 | Abyss:4  | Lost intelligence.
 13332 | Abyss:4  | Killed a wretched star
 13351 | Abyss:4  | Gained mutation: [You are occasionally teleported next to
                  | monsters.] [a neqoxec]
 13354 | Abyss:4  | Noticed a wretched star
 13377 | Abyss:4  | Noticed a yellow draconian knight
 13397 | Abyss:4  | Reached XP level 13. HP: 32/63 MP: 11/11
 13542 | Abyss:4  | Found an iron altar of Okawaru.
 13602 | Abyss:4  | HP: 2/63 [large abomination (23)]
 13653 | Abyss:4  | Lost intelligence.
 13665 | Abyss:4  | Slain by a sixfirhy

Skill      XL: |  1  2  3  4  5  6  7  8  9 10 11 12 |
---------------+-------------------------------------+-----
Dodging        | 3 4 5 7 8 10 12 14 15 | 15.7
Fighting       | 4 5 7 8 10 11 13 14 | 14.8
Polearms       | |  3.2
Armour         | |  2.1

Action                   |  1- 3 |  4- 6 |  7- 9 | 10-12 | 13-15 || total
-------------------------+-------+-------+-------+-------+-------++-------
Melee: Spear             |   100 |       |       |    48 |       ||   148
       Kick              |    21 |    36 |    94 |   299 |     4 ||   454
       Peck              |     8 |    20 |    56 |   140 |     4 ||   228
       Short sword       |     6 |    69 |       |       |       ||    75
       Whip              |       |    44 |   272 |   199 |       ||   515
       Trident           |       |       |       |   345 |     5 ||   350
       Scimitar          |       |       |       |     9 |       ||     9
Invok: Trog's Hand       |       |     1 |     5 |    13 |     3 ||    22
       Brothers in Arms  |       |       |       |     3 |       ||     3
 Abil: Evoke Flight      |     1 |       |       |       |       ||     1
       Fly               |       |     1 |    13 |    38 |     1 ||    53
Evoke: Wand              |       |       |       |     1 |     2 ||     3
  Use: Scroll            |     5 |     5 |     5 |    16 |       ||    31
       Potion            |       |       |     1 |     4 |       ||     5
 Stab: Sleeping          |     2 |       |     3 |    10 |       ||    15
       Distracted        |       |       |     1 |     2 |       ||     3
  Eat: Ration            |     2 |     1 |     4 |     7 |       ||    14
       Chunk             |       |       |       |    16 |       ||    16
Armor: Animal skin       |    22 |       |       |       |       ||    22
       Ring mail         |     4 |       |       |   108 |    17 ||   129
       Leather armour    |       |    33 |    49 |     8 |       ||    90
Dodge: Dodged            |    46 |    96 |   259 |   743 |   108 ||  1252
